 Dungeon Sprint DCSS version 0.23.2-30-g0e89c35 (webtiles) character file.

Game seed: 13924384232509072979

13216 Fang the Warrior (level 12, -10/88 HPs)
             Began as a Gargoyle Berserker on June 10, 2019.
             Was the Champion of Trog.
             Mangled by a stone giant (12 damage)
             ... in the Dungeon (Sprint V: "Ziggurat Sprint").
             The game lasted 00:02:59 (1271 turns).

Fang the Warrior (Gargoyle Berserker)               Turns: 1271, Time: 00:02:59

Health: -10/88     AC: 45    Str: 31    XL:     12   Next: 3%
Magic:  21/21      EV: 16    Int:  7    God:    Trog [******]
Gold:   0          SH:  0    Dex: 12    Spells: 11/11 levels left

rFire    + + .     SeeInvis .   k - +5 executioner's axe
rCold    . . .     Gourm    .   (shield currently unavailable)
rNeg     + + .     Faith    .   j - +15 Maxwell's patent armour {-Cast -Tele rElec MR+ rCorr}
rPois    ∞         Spirit   .   (no helmet)
rElec    +         Reflect  .   (no cloak)
rCorr    +         Harm     .   D - +2 pair of gloves {Dex+3}
MR       +....     NoTele   +   (no boots) Stlth ..........NoCast +
                                E - amulet of Udif {RegenMP rElec MP+9 Dex+4}
HPRegen  0.24/turn              B - ring of the Octopus King {rF+ AC+1 EV+1 Str+1 Int+1 Dex+1}
MPRegen  0.42/turn              b - ring of Imifaa {rF+ rN+ Str+4 Dex-5 Slay+3}

@: berserk cooldown, slowed, studying 2 skills, very slow
A: dopey 1, negative energy resistance 1, electricity resistance, unbreathing,
petrification resistance, rot immunity, AC +8
a: Berserk, Trog's Hand, Brothers in Arms, Renounce Religion


You were in the Dungeon.
You worshipped Trog.
Trog was exalted by your worship.
You were near starving.

You visited 1 branch

Inventory:

Hand Weapons
 a - a +3 antimagic war axe
 k - a +5 executioner's axe (weapon)
 q - the +4 broad axe of Upheaval {vamp, rPois rC- Dex+6}
   (You took it off a crimson imp in the Dungeon)

   It inflicts no extra harm, but heals its wielder when it wounds a living foe.
   It affects your dexterity (+6).
   It makes you vulnerable to cold.
   It protects you from poison.
 C - a +3 antimagic executioner's axe
Armour
 j - the +15 Maxwell's patent armour (worn) {-Cast -Tele rElec MR+ rCorr}
   (You found it in the Dungeon)

   It insulates you from electricity.
   It affects your resistance to hostile enchantments.
   It prevents spellcasting.
   It prevents most forms of teleportation.
   It provides partial protection from all sources of acid and corrosion.
 D - a +2 pair of gloves of dexterity (worn)
Jewellery
 b - the ring of Imifaa (right hand) {rF+ rN+ Str+4 Dex-5 Slay+3}
   (You found it in the Dungeon)

   [ring of positive energy]

   It affects your strength (+4).
   It affects your dexterity (-5).
   It affects your accuracy and damage with ranged weapons and melee attacks
   (+3).
   It protects you from fire.
   It protects you from negative energy.
 g - the ring of Syaqeboa {*Drain rElec rC+ Str+2 Dex+3}
   (You took it off a crimson imp in the Dungeon)

   [ring of dexterity]

   It affects your strength (+2).
   It affects your dexterity (+3).
   It protects you from cold.
   It insulates you from electricity.
   It causes draining when unequipped.
 z - the ring "Foci" {Fire -Tele MP+9 Str+3 Slay+3}
   (You found it in the Dungeon)

   [ring of fire]

   It enhances your fire magic.
   It affects your strength (+3).
   It affects your accuracy and damage with ranged weapons and melee attacks
   (+3).
   It protects you from fire.
   It makes you vulnerable to cold.
   It affects your magic capacity (+9).
   It prevents most forms of teleportation.
 B - a ring of the Octopus King (left hand) {rF+ AC+1 EV+1 Str+1 Int+1 Dex+1}
   (You found it in the Dungeon)

   [ring of protection from fire]

   It affects your AC (+1).
   It affects your evasion (+1).
   It affects your strength (+1).
   It affects your intelligence (+1).
   It affects your dexterity (+1).
   It protects you from fire.
 E - the amulet of Udif (around neck) {RegenMP rElec MP+9 Dex+4}
   (You found it in the Dungeon)

   [amulet of magic regeneration]

   It increases your magic regeneration.
   It affects your dexterity (+4).
   It insulates you from electricity.
   It affects your magic capacity (+9).
Wands
 w - a wand of disintegration (7)
 x - a wand of iceblast (7)
 y - a wand of acid (7)
Scrolls
 i - 4 scrolls of blinking
 l - 7 scrolls of fog
 m - a scroll of holy word
 n - 5 scrolls of identify
 o - 5 scrolls of remove curse
 p - 2 scrolls of fear
Potions
 d - 9 potions of curing
 e - 9 potions of heal wounds
 f - 10 potions of haste
 h - 3 potions of berserk rage
 r - 2 potions of invisibility
 s - 4 potions of resistance
 t - a potion of experience
 v - 5 potions of might
Books
 u - a manual of Bows
 F - a manual of Maces & Flails
Comestibles
 c - 7 rations


   Skills:
 + Level 15.9 Fighting
 + Level 13.7 Axes
 + Level 15.8 Armour
 + Level 12.6 Dodging


You had 11 spell levels left.
You didn't know any spells.
Your spell library was empty.

Dungeon Overview and Level Annotations

Branches:
Dungeon (1/1)

Altars:
Ashenzari
Cheibriados
Dithmenos
Elyvilon
Fedhas
Gozag
Hepliaklqana
Kikubaaqudgha
Makhleb
Nemelex Xobeh
Okawaru
Qazlal
Ru
Sif Muna
Trog
Uskayaw
Vehumet
Wu Jian
Xom
Yredelemnul
Zin
The Shining One
Beogh
Jiyva
Lugonu

Annotations:
D 1 transporter


Innate Abilities, Weirdness & Mutations

You are resistant to torment.
Your stone body is resilient. (AC +8)
You are immune to poison.
You resist negative energy. (rN+)
You are resistant to electric shocks. (rElec)
You can survive without breathing.
You are immune to petrification.
You are immune to rotting.
You are dopey. (Int -2)


Message History

The vault guard hits you but does no damage.
The stone giant closely misses you. The vault guard closely misses you.
You feel much better.
The vault guard hits you with a +2 dire flail.
* * * LOW HITPOINT WARNING * * *
The stone giant closely misses you.
The vault guard hits you but does no damage. x2
The vault guard hits you with a +2 dire flail.
* * * LOW HITPOINT WARNING * * *
Your cyclops goes berserk!
You are near starving!
The stone giant hits you!
* * * LOW HITPOINT WARNING * * *
The vault guard closely misses you. The vault guard misses you.
The vault guard hits you but does no damage.
The stone giant completely misses you.
The vault guard hits you with a +0 great sword.
* * * LOW HITPOINT WARNING * * *
The vault guard barely misses you. The stone giant hits you!
You die...

▓.▓.....▓.▓.
▓....8©8....▓....©....▓.
▓..:.)..}|..▓▓▓▓▓▓▓▓▓▓▓▓
▓...|}[.=...▓...8©8...▓.
▓...........▓..|)|}|..▓.
▓...........▓...|)}...▓.
▓...........▓.........▓.
▓....)pC....▓.........▓.
▓...C)p@....▓...).)...▓.
▓....)p)....▓...))÷...▓.
▓.....(.....▓.........▓.
▓.....©.....▓....©....▓.
▓▓▓▓▓▓▓▓▓▓▓▓▓▓▓▓▓▓▓▓▓▓▓▓
▓...8©8...▓...8©8...▓...
▓...):.)=.▓..|[|}:..▓..)
▓..[|[|)..▓..).}[...▓...
▓.........▓.........▓...


You could see a stone giant, 3 vault guards and a friendly cyclops (berserk).

Vanquished Creatures
  A shadow dragon (D)
  A yaktaur captain (D)
  6 vault guards (D)
  A hydra (D)
  A glowing orange brain (D)
  2 naga magi (D)
  A black mamba (D)
  A spiny frog (D)
  An ancient zyme (D)
  A jumping spider (D)
  A hippogriff (D)
  A tarantella (D)
  A redback (D)
  A spriggan (D)
  A basilisk (D)
  2 large abominations (D)
  A neqoxec (D)
  2 nagas (D)
  7 water moccasins (D)
  3 hell hounds (D)
  2 phantoms (D)
  2 black bears (D)
  2 orc warriors (D)
  4 necrophages (D)
  A wolf (D)
  A bullfrog (D)
  3 scorpions (D)
  2 wights (D)
  2 crimson imps (D)
  An orc priest (D)
  An orc wizard (D)
  An iron imp (D)
  3 adders (D)
  3 shadow imps (D)
  A white imp (D)
  An ufetubus (D)
  3 adder zombies (D)
  An adder skeleton (D)
  4 orcs (D)
  4 ball pythons (D)
  A bat skeleton (D)
  A ball python zombie (D)
  A giant cockroach zombie (D)
  A lurking horror (D)
82 creatures vanquished.

Vanquished Creatures (others)
  A ball python (D)
1 creature vanquished.

Grand Total: 83 creatures vanquished

Notes
Turn   | Place    | Note
-------+----------+-------------------------------------------
     0 | D        | Found the +6 Majin-Bo {vamp, Archmagi MP+6 Int+6}
     0 | D        | Found the +7 great mace "Firestarter" {inner flame, rF++}
     0 | D        | Fang the Gargoyle Berserker began the quest for the Orb.
     0 | D        | Reached XP level 1. HP: 14/14 MP: 1/1
     1 | D        | Found a blossoming altar of Fedhas.
     2 | D        | Found a viscous altar of Jiyva.
     2 | D        | Found a transporter.
     2 | D        | Found a hazy altar of Hepliaklqana.
     2 | D        | Found an ancient bone altar of Kikubaaqudgha.
     2 | D        | Found an opulent altar of Gozag.
     2 | D        | Found a corrupted altar of Lugonu.
     6 | D        | Found a burning altar of Makhleb.
     8 | D        | Found an iron altar of Okawaru.
     8 | D        | Found a stormy altar of Qazlal.
     8 | D        | Found a sparkling altar of Nemelex Xobeh.
     8 | D        | Found a sacrificial altar of Ru.
     8 | D        | Found a deep blue altar of Sif Muna.
    13 | D        | Found the +9 heavy crossbow "Sniper" {velocity, Acc+∞ SInv}
    13 | D        | Found the +10 dark maul {crush}
    13 | D        | Found the +15 Maxwell's patent armour {-Cast -Tele rElec
                  | MR+ rCorr}
    13 | D        | Found the +18 shield of the Gong {rElec rN+ MR+ EV-5}
    13 | D        | Found the cursed +14 obsidian axe {chop, +Fly SInv *Curse}
    27 | D        | Found a bloodstained altar of Trog.
    68 | D        | Entered arena 2.
    68 | D        | Noticed an orc priest
    68 | D        | Found a transporter.
    76 | D        | Killed an orc priest
    76 | D        | Reached XP level 2. HP: 20/20 MP: 2/2
    76 | D        | Reached XP level 3. HP: 24/24 MP: 3/3
   183 | D        | Entered arena 3.
   183 | D        | Noticed a hell hound
   183 | D        | Found a transporter.
   188 | D        | Killed a hell hound
   188 | D        | Reached ** piety under Trog
   188 | D        | Reached skill level 5 in Axes
   188 | D        | Reached skill level 5 in Armour
   188 | D        | Reached XP level 4. HP: 31/32 MP: 4/4
   188 | D        | Reached XP level 5. HP: 35/36 MP: 5/5
   291 | D        | Entered arena 4.
   291 | D        | Noticed a phantom
   291 | D        | Noticed a phantom
   291 | D        | Found a transporter.
   301 | D        | Killed a phantom
   301 | D        | Reached *** piety under Trog
   301 | D        | Reached skill level 5 in Dodging
   301 | D        | Reached XP level 6. HP: 41/44 MP: 6/6
   307 | D        | Killed a phantom
   318 | D        | Entered arena 5.
   318 | D        | Noticed a spriggan
   318 | D        | Noticed a black bear
   318 | D        | Noticed a black bear
   318 | D        | Found a transporter.
   320 | D        | Killed a spriggan
   320 | D        | Reached **** piety under Trog
   320 | D        | Reached XP level 7. HP: 50/50 MP: 7/7
   334 | D        | Got the ring of Imifaa {rF+ rN+ Str+4 Dex-5 Slay+3}
   438 | D        | Entered arena 6.
   438 | D        | Identified the ring of Syaqeboa {*Drain rElec rC+ Str+2
                  | Dex+3}
   438 | D        | Identified the +4 broad axe of Upheaval {vamp, rPois rC-
                  | Dex+6}
   438 | D        | Found a transporter.
   439 | D        | Reached XP level 8. HP: 57/57 MP: 8/8
   449 | D        | Reached ***** piety under Trog
   449 | D        | Reached skill level 10 in Fighting
   497 | D        | Got the ring "Foci" {Fire -Tele MP+9 Str+3 Slay+3}
   509 | D        | Entered arena 7.
   510 | D        | Found a transporter.
   515 | D        | Reached skill level 10 in Armour
   522 | D        | Received a gift from Trog
   563 | D        | Entered arena 8.
   563 | D        | Noticed a tarantella
   563 | D        | Noticed a jumping spider
   563 | D        | Noticed a redback
   564 | D        | Found the ring of the Octopus King {rF+ AC+1 EV+1 Str+1
                  | Int+1 Dex+1}
   569 | D        | Killed a redback
   572 | D        | Killed a tarantella
   572 | D        | Reached ****** piety under Trog
   572 | D        | Reached XP level 9. HP: 41/64 MP: 4/9
   573 | D        | Found a transporter.
   575 | D        | Killed a jumping spider
   582 | D        | Got a ring of the Octopus King {rF+ AC+1 EV+1 Str+1 Int+1
                  | Dex+1}
   775 | D        | Entered arena 9.
   775 | D        | Noticed a naga mage
   776 | D        | Found a transporter.
   781 | D        | Received a gift from Trog
   783 | D        | Killed a naga mage
   783 | D        | Reached skill level 10 in Axes
   812 | D        | Entered arena 10.
   812 | D        | Noticed a black mamba
   812 | D        | Noticed a naga mage
   813 | D        | Found a transporter.
   822 | D        | Killed a black mamba
   823 | D        | Killed a naga mage
   823 | D        | Received a gift from Trog
   823 | D        | Reached XP level 10. HP: 39/72 MP: 10/10
   975 | D        | Entered arena 11.
   976 | D        | Found a transporter.
   982 | D        | Received a gift from Trog
   984 | D        | Reached skill level 10 in Dodging
  1006 | D        | Entered arena 12.
  1006 | D        | Noticed a seven-headed hydra
  1006 | D        | Noticed a spiny frog
  1013 | D        | Received a gift from Trog
  1015 | D        | Killed a 12-headed hydra
  1023 | D        | Killed a spiny frog
  1024 | D        | Found a transporter.
  1088 | D        | Got the amulet of Udif {RegenMP rElec MP+9 Dex+4}
  1158 | D        | Entered arena 13.
  1158 | D        | Noticed a glowing orange brain
  1159 | D        | Identified the cursed +1 dagger of the Equinox {freeze,
                  | +Inv}
  1159 | D        | Gained mutation: You are dopey. (Int -2) [a neqoxec]
  1160 | D        | Found a transporter.
  1166 | D        | Killed a glowing orange brain
  1166 | D        | Received a gift from Trog
  1169 | D        | Reached XP level 11. HP: 80/80 MP: 11/11
  1248 | D        | Entered arena 14.
  1249 | D        | Noticed a vault guard
  1249 | D        | Noticed a yaktaur captain
  1249 | D        | Noticed a vault guard
  1249 | D        | Noticed a vault guard
  1249 | D        | Noticed a vault guard
  1249 | D        | Noticed a vault guard
  1249 | D        | Noticed a shadow dragon
  1250 | D        | Identified the ring "Koazyeh" {rF- rC+ Dex+5 SInv}
  1250 | D        | Noticed a vault guard
  1250 | D        | Noticed a stone giant
  1250 | D        | Noticed a vault guard
  1250 | D        | Noticed a vault guard
  1250 | D        | Noticed a vault guard
  1251 | D        | Found a transporter.
  1256 | D        | Killed a vault guard
  1259 | D        | Killed a vault guard
  1259 | D        | Received a gift from Trog
  1261 | D        | Killed a yaktaur captain
  1263 | D        | Killed a vault guard
  1263 | D        | Reached skill level 15 in Fighting
  1265 | D        | Killed a shadow dragon
  1265 | D        | Reached skill level 15 in Armour
  1266 | D        | Killed a vault guard
  1267 | D        | Killed a vault guard
  1268 | D        | Killed a vault guard
  1268 | D        | Reached XP level 12. HP: 8/88 MP: 12/12
  1270 | D        | HP: 4/88 [stone giant (13)]
  1271 | D        | Mangled by a stone giant

Skill      XL: |  1  2  3  4  5  6  7  8  9 10 11 |
---------------+----------------------------------+-----
Fighting       | 4 6 7 8 9 11 12 14 15 | 15.9
Axes           | 3 5 6 7 8 9 10 12 13 | 13.7
Armour         | 3 5 6 8 9 10 12 13 15 | 15.8
Dodging        | 2 4 5 6 7 8 9 11 12 | 12.6

Action                   |  1- 3 |  4- 6 |  7- 9 | 10-12 || total
-------------------------+-------+-------+-------+-------++-------
Melee: Executioner's axe |    10 |    16 |    46 |    49 ||   121
Invok: Berserk           |     1 |       |     2 |     3 ||     6
       Brothers in Arms  |       |       |       |     1 ||     1
  Use: Potion            |     1 |       |       |     1 ||     2
  Eat: Chunk             |       |       |     2 |     3 ||     5
Armor: Plate armour      |    14 |    21 |   101 |   113 ||   249
Dodge: Dodged            |     7 |    19 |    64 |    83 ||   173
